 Dungeon Crawl Stone Soup version 0.19-a0-1886-gd64a0f0 (console) character file.

84 utis the Vexing (level 4, 0/26 HPs)
             Began as a Deep Elf Arcane Marksman on Oct 16, 2016.
             Slain by a centaur (5 damage)
             ... on level 3 of the Dungeon.
             The game lasted 00:15:44 (3918 turns).

utis the Vexing (Deep Elf Arcane Marksman)          Turns: 3918, Time: 00:15:45

Health: 0/26       AC:  7    Str:  9    XL:     4   Next: 23%
Magic:  6/9        EV: 11    Int: 18    God:
Gold:   95         SH:  0    Dex: 14    Spells: 2 memorised, 4 levels left

rFire  + . .     SeeInvis .     b - +0 short sword
rCold  + . .     Gourm    .     v - +0 ring mail
rNeg   . . .     Faith    .     (no shield)
rPois  +         Spirit   .     g - +2 hat
rElec  +         Dismiss  .     (no cloak)
rCorr  +         Reflect  .     (no gloves)
MR     .....     Harm     .     (no boots)
Stlth  +.........               (no amulet)
                                (no ring)
                                (no ring)

@: resistant, hasted, very quick
A: no striking features
a: no special abilities


You were on level 3 of the Dungeon.
You were near starving.

You visited 1 branch of the dungeon, and saw 3 of its levels.

You collected 95 gold pieces.

Inventory:

Hand Weapons
 a - a +0 shortbow
 b - a +0 short sword (weapon)
 w - a +0 hand axe
Missiles
 d - 19 arrows
 i - 76 stones (quivered)
 B - 24 sling bullets
Armour
 e - a +0 robe
 g - a +2 hat (worn)
 s - a +0 chain mail
 v - a +0 ring mail (worn)
 A - a +0 cloak
Scrolls
 h - 2 scrolls of immolation {unknown}
 l - a scroll of recharging {unknown}
 p - 2 scrolls of enchant armour {unknown}
 q - a scroll of fear {unknown}
 t - 2 scrolls of magic mapping {unknown}
 u - a scroll of remove curse {unknown}
 y - 2 scrolls of noise {unknown}
 z - a scroll of random uselessness {unknown}
 C - a scroll of fog {unknown}
Potions
 n - a potion of brilliance
 x - a potion of cancellation
Books
 c - a book of Debilitation

   Spells                             Type                      Level
   a - Corona                         Hexes                        1
   b - Slow                           Hexes                        2
   c - Gell's Gravitas                Hexes/Translocation          3
   d - Inner Flame                    Hexes/Fire                   3
   e - Cause Fear                     Hexes                        4
   f - Leda's Liquefaction            Hexes/Earth                  4
Comestibles
 f - a bread ration {@e1}
 m - 3 beef jerkies {@e2}
 r - 3 meat rations {@e1}


   Skills:
 - Level 1.9 Fighting
 - Level 3.3 Bows
 - Level 2.4 Dodging
 + Level 2.3 Spellcasting
 * Level 4.7 Hexes


You had 4 spell levels left.
You knew the following spells:

 Your Spells              Type           Power        Failure   Level  Hunger
w - Slow                  Hex            ###.....     12%         2    ##.....
z - Corona                Hex            ###....      10%         1    #......


Dungeon Overview and Level Annotations

Branches:
Dungeon (3/15)

Altars:
Ru

Annotations:
D:2 Sigmund


Message History

The stone hits the centaur but does no damage.
The centaur is lightly wounded.
The centaur misses you.
The centaur hits you but does no damage.
Throwing (i - inventory):
i - 77 stones (quivered)
Press: ? - help, Shift-Dir - straight line, f/p - centaur
Aim: a centaur (lightly wounded, slow)
You throw a stone. The stone barely misses the centaur.
You are near starving!
The centaur hits you.
* * * LOW HITPOINT WARNING * * *
Unknown command.
Okay, then.
Unknown command.
Unknown command.
It was a potion of resistance.
You feel protected.
The centaur hits you but does no damage.
You feel yourself speed up. The centaur hits you.
You die...

░. ░.░.░░░ ░░░░░ ░
░.░.░.. ⚶.⚶⚶░ ░.
░░░░░.░.░.░.░ ..⚶.░ ░..
...░░.░.░.░.░ ^▩⚶⚶░
░░░░€.░░.░░.░.░.░.░░░░░░
...⚵░
......ce........░.░░....
⚶^⚶⚶░
░░░░.░░░➘...░.░░...░...░
░░░░░ ░
░░.░░......░...░..
░.░░..>░.░.░░...░...░
░..........░░░.░░░.░░
░░░░...░.░░░ ░÷░ ░.░
░░.░░.░░░░░.░ ░.░ ..
░.░░.......░ ░.░ ..
.░░░░░░.░░░░░░░░░░ ░.░


You could see a centaur.

Vanquished Creatures
  An adder (D:3)
  An ooze (D:1)
  3 worms
  4 dart slugs (D:1)
  3 leopard geckos
  9 bats
  A giant cockroach (D:2)
  3 goblins
  6 hobgoblins
  2 jackals (D:1)
  A quokka (D:3)
  2 ball pythons (D:1)
  5 frilled lizards
  3 kobolds
  11 rats (D:1)
55 creatures vanquished.

Notes
Turn   | Place    | Note
-------+----------+-------------------------------------------
     0 | D:1      | utis the Deep Elf Arcane Marksman began the quest for the Orb.
     0 | D:1      | Reached XP level 1. HP: 11/11 MP: 5/5
    75 | D:1      | Reached skill level 1 in Fighting
   467 | D:1      | Reached XP level 2. HP: 16/16 MP: 4/6
   487 | D:1      | Learned a level 2 spell: Slow
  1090 | D:1      | Reached XP level 3. HP: 21/21 MP: 4/7
  1876 | D:2      | Found a faded altar of an unknown god.
  1919 | D:2      | Noticed Sigmund
  3263 | D:3      | Reached XP level 4. HP: 21/26 MP: 5/8
  3426 | D:3      | Found a sacrificial altar of Ru.
  3907 | D:3      | Noticed a centaur
  3918 | D:3      | Slain by a centaur

Vault maps used:
D:1:      minmay_arrival_stair_chambers, minivault_27, serial_bayou_pond_a
D:2:      ecumenical_altar_1, uniq_sigmund
D:3:      nicolae_ru_the_path_less_chosen, bh_walls_and_bars

Skill      XL: |  1  2  3  4 |
---------------+-------------+-----
Fighting       | 1 |  1.9
Bows           | 3 |  3.3
Spellcasting   | 2 |  2.3
Dodging        | |  2.4
Hexes          | |  4.7

Action                   |  1- 3 |  4- 6 || total
-------------------------+-------+-------++-------
Melee: Hand axe          |    53 |       ||    53
       Short sword       |    82 |    25 ||   107
 Fire: Shortbow          |    24 |     7 ||    31
Throw: Stone             |    13 |     4 ||    17
 Cast: Corona            |    82 |     6 ||    88
       Slow              |     2 |     8 ||    10
  Use: Scroll            |     3 |       ||     3
       Potion            |       |     2 ||     2
  Eat: Chunk             |     7 |     2 ||     9
       Fruit             |     2 |       ||     2
Armor: Robe              |    27 |       ||    27
       Ring mail         |    34 |    15 ||    49
Dodge: Dodged            |   115 |    16 ||   131
